 Dungeon Crawl Stone Soup version 0.27-a0-1217-g8a41f320e8 (webtiles) character file.

Game seed: 9684277074297060352

54531 27snakeeyes612 the Basher (level 14, 0/127 HPs)
             Began as a Minotaur Fighter on June 6, 2021.
             Was the Champion of Makhleb.
             Slain by a hog (4 damage)
             ... led by Kirke
             ... on level 4 of the Lair of Beasts.
             The game lasted 00:19:45 (20499 turns).

27snakeeyes612 the Basher (Minotaur Fighter)       Turns: 20499, Time: 00:19:46

Health: 0/127      AC:  0    Str: 26    XL:     14   Next: 34%
Magic:  13/13      EV: 15    Int:  5    God:    Makhleb [******]
Gold:   1776       SH:  0    Dex: 10    Spells: 13/13 levels left

rFire    . . .     SeeInvis .   (weapon currently unavailable)
rCold    . . .     Faith    .   (shield currently unavailable)
rNeg     . . .     Spirit   .   (armour currently unavailable)
rPois    .         Reflect  .   (helmet currently unavailable)
rElec    .         Harm     .   (cloak currently unavailable)
rCorr    .         Rampage  .   (gloves currently unavailable)
Will     +....                  (boots currently unavailable)
Stlth    ++........             (no amulet)
HPRegen  0.31/turn              (ring currently unavailable)
MPRegen  0.13/turn              (ring currently unavailable)

@: pig-form, slowed
A: fast, no casting, small, (horns 2), (retaliatory headbutt)
a: Renounce Religion, Minor Destruction, Lesser Servant of Makhleb, Major
Destruction, Greater Servant of Makhleb


You were on level 4 of the Lair of Beasts.
You worshipped Makhleb.
Makhleb was exalted by your worship.
You were a filthy swine.
You visited 2 branches of the dungeon, and saw 19 of its levels.
You visited 1 bazaar.
You also visited: Gauntlet and Ice Cave.

You collected 2263 gold pieces.
You spent 487 gold pieces at shops.

Inventory:

Hand Weapons
 v - the +6 arbalest of Woluow {flame, Will+ Dex-3 SInv}
   (You found it on level 4 of the Dungeon)

   It causes projectiles fired from it to burn those they strike, causing extra
   injury to most foes and up to half again as much damage against particularly
   susceptible opponents.
   It affects your dexterity (-3).
   It lets you see invisible.
   It increases your willpower.
 w - the +6 morningstar of the Battered Artists (melded) {freeze, +Blink rElec rPois rC+}
   (You took it off an orc warrior on level 9 of the Dungeon)

   It has been specially enchanted to freeze those struck by it, causing extra
   injury to most foes and up to half again as much damage against particularly
   susceptible opponents.
   It can also slow down cold-blooded creatures.
   It protects you from cold.
   It insulates you from electricity.
   It protects you from poison.
   It lets you blink.
Missiles
 j - 3 atropa-tipped darts
 p - 31 javelins
 q - 3 throwing nets
Armour
 c - a +0 kite shield (melded)
 f - a +0 plate armour (melded)
 o - a +0 hat of intelligence (melded)
 B - a +1 pair of gloves (melded)
 V - the +1 chain mail of Foolhardiness {rElec Str+6 Int-2}
   (You found it in a Gauntlet)

   It affects your strength (+6).
   It affects your intelligence (-2).
   It insulates you from electricity.
 W - the +0 cloak of the First Quests (melded) {-Tele *Corrode Regen+ Str+8}
   (You found it in a Gauntlet)

   It affects your strength (+8).
   It prevents most forms of teleportation.
   It increases your rate of health regeneration.
   It may corrode you when you take damage.
Jewellery
 b - a ring of ice
 h - a ring of flight
 l - a +4 ring of slaying (melded)
 n - a ring of protection from cold
 x - a ring of positive energy
 H - a +6 ring of intelligence
 J - a ring of ice
 K - a +6 ring of dexterity
 L - a +6 ring of strength (melded)
 O - a ring of resist corrosion
Wands
 a - a wand of flame (20)
 A - a wand of acid (17) (quivered)
 D - a wand of polymorph (30)
 F - a wand of digging (5)
 Q - a wand of iceblast (36)
 S - a wand of charming (10)
Scrolls
 e - 6 scrolls of silence
 k - 7 scrolls of teleportation
 s - 6 scrolls of blinking
 t - 3 scrolls of vulnerability
 u - 4 scrolls of fear
 y - 7 scrolls of enchant weapon
 z - a scroll of fog
 G - 5 scrolls of enchant armour
 R - a scroll of summoning {unknown}
 Y - a scroll of immolation {unknown}
 Z - 2 scrolls of magic mapping
Potions
 d - 4 potions of might
 g - a potion of haste
 m - 4 potions of resistance
 r - 10 potions of curing
 C - 2 potions of flight
 E - 3 potions of mutation
 I - a potion of invisibility
 N - a potion of lignification
 P - 11 potions of ambrosia
 T - 2 potions of attraction
 U - a potion of cancellation
 X - a potion of brilliance


   Skills:
 + Level 12.4 Fighting
 + Level 12.0(14.9) Axes
 + Level 14.8(16.3) Maces & Flails
 + Level 13.4 Armour
 + Level 4.2 Dodging
 + Level 2.4 Stealth
 + Level 13.7 Shields
 + Level 2.0 Evocations


You had 13 spell levels left.
You didn't know any spells.
Your spell library contained the following spells:

 Spells                   Type           Power      Damage    Failure   Level
 Animate Skeleton         Necr           0%         N/A       47%         1
 Apportation              Tloc           0%         N/A       47%         1
 Beastly Appendage        Tmut           0%         N/A       47%         1
 Corona                   Hex            0%         N/A       47%         1
 Magic Dart               Conj           0%         1d3       47%         1
 Sting                    Tmut/Pois      0%         1d3       47%         1
 Summon Small Mammal      Summ           0%         N/A       47%         1
 Ensorcelled Hibernation  Hex/Ice        0%         N/A       63%         2
 Poisonous Vapours        Pois/Air       0%         N/A       63%         2
 Searing Ray              Conj           0%         3d3       63%         2
 Wereblood                Tmut           0%         N/A       63%         2
 Confusing Touch          Hex            0%         N/A       85%         3
 Dazzling Flash           Conj/Hex       0%         N/A       85%         3
 Frozen Ramparts          Ice            0%         1d2       85%         3
 Ignite Poison            Fire/Tmut/Pois 0%         N/A       85%         3
 Mephitic Cloud           Conj/Pois/Air  0%         N/A       85%         3
 Ozocubu's Armour         Ice            0%         N/A       85%         3
 Spider Form              Tmut/Pois      0%         N/A       85%         3
 Tukima's Dance           Hex            0%         N/A       85%         3
 Fulminant Prism          Conj/Hex       0%         3d6       99%         4
 Hailstorm                Conj/Ice       0%         3d3       99%         4
 Ice Form                 Ice/Tmut       0%         N/A       99%         4
 Iskenderun's Mystic Bla  Conj/Tloc      0%         2d3       99%         4
 Olgreb's Toxic Radiance  Pois           0%         N/A       99%         4
 Summon Ice Beast         Ice/Summ       0%         N/A       99%         4
 Hydra Form               Tmut           0%         N/A       100%        5
 Freezing Cloud           Conj/Ice/Air   0%         6-21      100%        6
 Simulacrum               Ice/Necr       0%         N/A       100%        6
 Ozocubu's Refrigeration  Ice            0%         4d5       100%        7


Dungeon Overview and Level Annotations

Branches:
Dungeon (14/15)            Temple (0/1) D:7            Lair (5/6) D:11
 Shoals (0/4) Lair:2        Snake (0/4) Lair:2          Orc (0/2) D:9
 Vaults (0/5) D:13          IceCv (visited)         Gauntlet (visited)
  Slime: Lair:5-6

Altars:
Hepliaklqana
Makhleb
Nemelex Xobeh
Okawaru
Qazlal
Ru
Sif Muna
Trog
Uskayaw
Vehumet
Wu Jian
Xom
Yredelemnul

Shops:
D:1 *

Annotations:
D:8 1 runed translucent door, iamserjio's ghost, novice OpEE
Lair:2 exclusion: oklob plant
Lair:4 Kirke


Innate Abilities, Weirdness & Mutations

You are a filthy swine.
You move quickly.
Your equipment is almost entirely melded.
You are incapable of wielding weapons or throwing items.
You cannot cast spells.
((You have a pair of horns on your head.))
((You reflexively headbutt those who attack you in melee.))


Message History

You are too injured to fight recklessly!
You are too injured to fight recklessly!
You are too injured to fight recklessly!
You are too injured to fight recklessly!
You are too injured to fight recklessly!
The hog bites you!
Kirke points at you and mumbles some strange words.
You feel a momentary urge to oink. The hog bites you! Kirke hits you!
* * * LOW HITPOINT WARNING * * *
A wyvern comes into view.
The hog bites you!
* * * LOW HITPOINT WARNING * * *
There is a stone staircase leading up, spattered with blood here.
You feel much better. The hog completely misses you. Kirke hits you!
The hog bites you!
* * * LOW HITPOINT WARNING * * *
The hog barely misses you. The hog misses you. x2; Kirke hits you!
* * * LOW HITPOINT WARNING * * *
The hog barely misses you. x3; Kirke barely misses you.
You climb upwards.
There is a stone staircase leading down here.
The hog barely misses you. The hog bites you!
* * * LOW HITPOINT WARNING * * *
The hog bites you!
* * * LOW HITPOINT WARNING * * *
You feel much better. The hog bites you.
* * * LOW HITPOINT WARNING * * *
The hog bites you!
* * * LOW HITPOINT WARNING * * *
The hog bites you!
* * * LOW HITPOINT WARNING * * *
The hog closely misses you.
Kirke points at you and mumbles some strange words.
You feel as though you will be slow longer.
The hog bites you!
* * * LOW HITPOINT WARNING * * *
The hog bites you.
You die...

#....###.##.#....#...8...........
#...[...........##........#......
................#...##......#....
...............#...##..#.......>.
...............#........#..8.....
..............#..................
........#..####...........#.#...#
.....###.#.####@.###.#+####......
......##....##.hh#####.P# ##.....
............##.hh.# #...###......
............##...## #(...###....#
.....##......#.######.....#......
.....+.+....#.#..........#.#.....
.....##P+##+##....###.#.####.....
P...P.##.##.###...#.########....#
.=...P##.....#....#.######.#....#
.................................


You could see Kirke and 3 hogs.

Vanquished Creatures
  Gastronok (Lair:3)
  A frost giant (IceCv)
  A minotaur (Gauntlet)
  Josephine (Lair:4)
  A fire dragon (Lair:3)
  3 hydras
  3 centaur warriors (D:14)
  A tengu warrior (D:14)
  11 death yaks
  3 two-headed ogres
  Urug (D:13)
  A deep elf pyromancer (D:14)
  2 oklob plants (Lair:4)
  An ugly thing (D:11)
  2 cyclopes
  A black mamba (Lair:3)
  A torpor snail (Lair:4)
  Maurice (D:12)
  7 cane toads
  A gargoyle (D:10)
  An ice statue (IceCv)
  A rime drake (Lair:2)
  2 kobold demonologists
  2 tengu conjurers (D:14)
  A komodo dragon (Lair:3)
  13 polar bears (IceCv)
  A queen bee (D:11)
  3 meliai (Gauntlet)
  4 trolls
  7 hornets
  6 blink frogs
  2 shadows
  9 wraiths
  A basilisk (Lair:4)
  2 vampires
  2 wyverns (D:10)
  34 yaks
  2 hogs (Lair:5)
  13 vampire mosquitoes
  5 nagas (Lair:2)
  An acid dragon (D:11)
  8 water moccasins
  10 orc warriors
  4 black bears
  A necrophage (D:7)
  A sky beast (D:7)
  2 ogres
  43 wolves
  2 phantoms
  10 centaurs
  5 kobold brigands
  A wyvern zombie (D:8)
  15 bullfrogs
  3 gnoll sergeants
  4 scorpions
  A water moccasin zombie (D:5)
  39 killer bees
  3 howler monkeys
  3 electric eels
  3 jellies
  5 centaur zombies
  A bullfrog zombie (D:5)
  2 gnoll shamans
  8 orc priests
  3 hounds
  5 iguanas
  12 orc wizards
  A hound skeleton (D:4)
  A howler monkey zombie (D:7)
  22 gnolls
  9 adders
  A shadow imp (D:7)
  3 white imps
  An ufetubus (D:6)
  A worm (D:2)
  2 dart slugs
  59 orcs
  7 endoplasms
  3 giant cockroaches
  4 goblins
  6 hobgoblins
  10 jackals
  2 quokkas
  6 ball pythons
  3 bats
  2 frilled lizards
  12 kobolds
  8 rats
513 creatures vanquished.

Vanquished Creatures (others)
  A rime drake (IceCv)
  A yak (IceCv)
  A wolf (IceCv)
  7 fungi
  22 plants
  4 withered plants (Gauntlet)
36 creatures vanquished.

Grand Total: 549 creatures vanquished

Notes
Turn   | Place    | Note
-------+----------+-------------------------------------------
     0 | D:1      | 27snakeeyes612 the Minotaur Fighter began the quest for the
                  | Orb.
     0 | D:1      | Reached XP level 1. HP: 19/19 MP: 0/0
    45 | D:1      | Found Ocugg's Assorted Antiques.
   229 | D:1      | Found Bumeomab's Assorted Antiques.
   262 | D:1      | Reached XP level 2. HP: 23/27 MP: 1/1
   486 | D:1      | Found a faded altar of an unknown god.
   622 | D:1      | Reached XP level 3. HP: 33/33 MP: 2/2
  1247 | D:2      | Reached XP level 4. HP: 35/40 MP: 3/3
  1999 | D:3      | You are sucked into a shaft and drop 1 floor!
  2062 | D:4      | Reached XP level 5. HP: 46/46 MP: 4/4
  2311 | D:3      | Reached skill level 5 in Shields
  2363 | D:3      | Found a hazy altar of Hepliaklqana.
  2784 | D:4      | Reached skill level 5 in Axes
  2784 | D:4      | Reached XP level 6. HP: 53/53 MP: 5/5
  2959 | D:4      | Identified the +6 arbalest of Woluow {flame, Will+ Dex-3
                  | SInv}
  3321 | D:5      | Entered Level 5 of the Dungeon
  3331 | D:5      | Reached skill level 5 in Armour
  3472 | D:5      | Found a shimmering altar of Xom.
  3480 | D:5      | Reached XP level 7. HP: 17/60 MP: 6/6
  3693 | D:5      | Found a shimmering altar of Xom.
  3694 | D:5      | Found a shimmering altar of Xom.
  3695 | D:5      | Found a shimmering altar of Xom.
  3695 | D:5      | Found a shimmering altar of Xom.
  3696 | D:5      | Found a shimmering altar of Xom.
  3732 | D:5      | Noticed a +0 dagger
  3733 | D:5      | Noticed a +0 dagger
  3740 | D:5      | Found a hide-covered altar of Uskayaw.
  4050 | D:5      | Found a shimmering blue altar of Sif Muna.
  4183 | D:5      | Reached skill level 1 in Dodging
  4455 | D:5      | Reached XP level 8. HP: 41/67 MP: 7/7
  5138 | D:6      | Found an ornate altar of the Wu Jian Council.
  5396 | D:6      | Reached skill level 5 in Fighting
  6303 | D:6      | Found a burning altar of Makhleb.
  6350 | D:6      | Became a worshipper of Makhleb the Destroyer
  6833 | D:7      | Found a staircase to the Ecumenical Temple.
  6858 | D:7      | Reached XP level 9. HP: 75/75 MP: 8/8
  7502 | D:7      | Found a basalt altar of Yredelemnul.
  7682 | D:8      | Found a stormy altar of Qazlal.
  7682 | D:8      | Found an iron altar of Okawaru.
  7865 | D:8      | Reached skill level 10 in Axes
  7867 | D:8      | Reached * piety under Makhleb
  8346 | D:8      | Noticed a troll
  8354 | D:8      | Killed a troll
  8355 | D:8      | Reached skill level 1 in Stealth
  8761 | D:8      | Found a runed translucent door.
  8763 | D:8      | Noticed iamserjio's ghost (novice OpEE)
  8765 | D:8      | Noticed a polar bear
  8765 | D:8      | Identified the +6 trident of Disarray {freeze, Will+}
  9041 | D:9      | Found a sparkling altar of Nemelex Xobeh.
  9168 | D:9      | Reached XP level 10. HP: 74/86 MP: 9/9
  9173 | D:9      | Reached ** piety under Makhleb
  9547 | D:9      | Found a staircase to the Orcish Mines.
  9833 | D:9      | Reached *** piety under Makhleb
  9978 | D:9      | Identified the +6 morningstar of the Battered Artists
                  | {freeze, +Blink rElec rPois rC+}
 10235 | D:9      | Found a bloodstained altar of Trog.
 10559 | D:10     | Entered Level 10 of the Dungeon
 10584 | D:10     | Reached skill level 1 in Maces & Flails
 10660 | D:10     | Reached skill level 2 in Maces & Flails
 10668 | D:10     | Noticed a smoke demon
 11039 | D:10     | Noticed a two-headed ogre
 11047 | D:10     | Killed a two-headed ogre
 11048 | D:10     | Reached skill level 4 in Maces & Flails
 11048 | D:10     | Reached skill level 10 in Armour
 11099 | D:10     | Reached XP level 11. HP: 97/97 MP: 10/10
 11169 | D:10     | Found a radiant altar of Vehumet.
 11268 | D:10     | Found a sacrificial altar of Ru.
 11272 | D:10     | Reached **** piety under Makhleb
 11379 | D:10     | Reached skill level 5 in Maces & Flails
 11489 | D:11     | Noticed a brown ugly thing
 11493 | D:11     | Noticed a death yak
 11496 | D:11     | Killed a brown ugly thing
 11497 | D:11     | Reached skill level 6 in Maces & Flails
 11497 | D:11     | Noticed a death yak
 11498 | D:11     | Noticed a death yak
 11499 | D:11     | Noticed a death yak
 11499 | D:11     | Noticed a death yak
 11501 | D:11     | Noticed a two-headed ogre
 11502 | D:11     | Killed a death yak
 11506 | D:11     | Noticed a death yak
 11745 | D:11     | Found a staircase to the Lair.
 11760 | D:11     | Killed a death yak
 11761 | D:11     | Reached skill level 7 in Maces & Flails
 11769 | D:11     | Killed a two-headed ogre
 11935 | D:11     | Reached skill level 8 in Maces & Flails
 11935 | D:11     | Killed a death yak
 11936 | D:11     | Reached skill level 1 in Evocations
 11936 | D:11     | Killed a death yak
 11937 | D:11     | Killed a death yak
 11938 | D:11     | Reached skill level 9 in Maces & Flails
 11939 | D:11     | Killed a death yak
 11944 | D:11     | Reached skill level 10 in Shields
 12447 | D:11     | Reached skill level 10 in Fighting
 12472 | D:11     | Reached XP level 12. HP: 100/106 MP: 11/11
 12497 | D:11     | Reached ***** piety under Makhleb
 12884 | D:12     | Reached skill level 10 in Maces & Flails
 12887 | D:12     | Identified a scroll of acquirement
 12887 | D:12     | Acquired 647 gold pieces
 13331 | D:12     | Found a flickering gateway to a bazaar.
 13331 | D:12     | Noticed an eight-headed hydra
 13332 | D:12     | Noticed a two-headed ogre
 13342 | D:12     | Killed an eight-headed hydra
 13344 | D:12     | Killed a two-headed ogre
 13355 | Bazaar   | Entered a bazaar
 13460 | Bazaar   | Found Lonohej's Distillery.
 13480 | Bazaar   | Found Aseplo's Magic Scroll Shop.
 13511 | Bazaar   | Found Jisiuqaf's Magic Scroll Shop.
 13522 | Bazaar   | Found Byatink's Distillery.
 13559 | Bazaar   | Bought a potion of might for 28 gold pieces
 13559 | Bazaar   | Bought a potion of might for 28 gold pieces
 13574 | Bazaar   | Bought a scroll of teleportation for 39 gold pieces
 13574 | Bazaar   | Bought a scroll of enchant weapon for 97 gold pieces
 13574 | Bazaar   | Bought a scroll of blinking for 97 gold pieces
 13604 | Bazaar   | Bought a scroll of teleportation for 21 gold pieces
 13604 | Bazaar   | Bought a scroll of enchant weapon for 52 gold pieces
 13604 | Bazaar   | Bought a scroll of enchant weapon for 52 gold pieces
 13604 | Bazaar   | Bought a scroll of teleportation for 21 gold pieces
 13604 | Bazaar   | Bought a scroll of blinking for 52 gold pieces
 13882 | D:12     | Noticed a six-headed hydra
 13888 | D:12     | Killed a six-headed hydra
 14094 | D:13     | Noticed Maurice
 14094 | D:13     | Noticed Urug
 14102 | D:12     | Killed Maurice
 14103 | D:12     | Reached skill level 11 in Maces & Flails
 14416 | D:13     | Killed Urug
 14515 | D:13     | Noticed a centaur warrior
 14518 | D:13     | Noticed a boulder beetle
 14589 | D:14     | Noticed a centaur warrior
 14667 | D:14     | Noticed a centaur warrior
 14677 | D:14     | Killed a centaur warrior
 14786 | D:14     | Noticed a tengu warrior
 14794 | D:14     | Killed a tengu warrior
 14848 | D:14     | Killed a centaur warrior
 14879 | D:14     | Noticed a centaur warrior
 14887 | D:14     | Killed a centaur warrior
 14906 | D:14     | Noticed a fire dragon
 14935 | D:13     | Found a gate to the Vaults.
 14935 | D:13     | Noticed a vault guard
 14935 | D:13     | Noticed a vault guard
 14935 | D:13     | Noticed a vault guard
 14935 | D:13     | Noticed a vault guard
 14935 | D:13     | Noticed a vault guard
 14936 | D:13     | Noticed a vault guard
 15302 | Lair:1   | Entered Level 1 of the Lair of Beasts
 15341 | Lair:1   | Reached XP level 13. HP: 95/116 MP: 12/12
 15549 | Lair:1   | Reached skill level 12 in Maces & Flails
 16432 | Lair:2   | Found a staircase to the Shoals.
 16582 | Lair:2   | Found a staircase to the Snake Pit.
 16599 | Lair:2   | Found a gate leading to a gauntlet.
 16615 | Gauntlet | Entered a Gauntlet
 16615 | Gauntlet | Found a transporter.
 16615 | Gauntlet | Found a transporter.
 16622 | Gauntlet | Found a transporter.
 16637 | Gauntlet | Found a runed translucent door.
 16640 | Gauntlet | Found a transporter.
 16657 | Gauntlet | Found a transporter.
 16657 | Gauntlet | Found a transporter.
 16660 | Gauntlet | Found a transporter.
 16660 | Gauntlet | Found a transporter.
 16660 | Gauntlet | Found a transporter.
 16676 | Gauntlet | Found a transporter.
 16696 | Gauntlet | Found a transporter.
 16706 | Gauntlet | Found a transporter.
 16724 | Gauntlet | Found a transporter.
 16744 | Gauntlet | Found a transporter.
 16907 | Gauntlet | Identified the +1 helmet of the Albatross {Will+}
 16960 | Gauntlet | Identified the +1 chain mail of Foolhardiness {rElec Str+6
                  | Int-2}
 16965 | Gauntlet | Identified the +0 cloak of the First Quests {-Tele *Corrode
                  | Regen+ Str+8}
 17074 | Gauntlet | Noticed a minotaur
 17083 | Gauntlet | Killed a minotaur
 17371 | Lair:2   | Found a shimmering altar of Xom.
 17937 | Lair:3   | Reached skill level 13 in Maces & Flails
 17975 | Lair:3   | Noticed Gastronok
 17988 | Lair:3   | Killed Gastronok
 18157 | Lair:3   | Noticed a fire dragon
 18173 | Lair:3   | Killed a fire dragon
 18686 | Lair:4   | Found a frozen archway.
 18695 | Lair:4   | Noticed Josephine
 18705 | Lair:4   | Killed Josephine
 18723 | IceCv    | Entered an ice cave
 18884 | IceCv    | Reached ****** piety under Makhleb
 19248 | IceCv    | Reached skill level 14 in Maces & Flails
 19248 | IceCv    | Reached XP level 14. HP: 116/126 MP: 13/13
 19336 | IceCv    | Noticed a frost giant
 19369 | IceCv    | Killed a frost giant
 19397 | IceCv    | Identified the +3 demon trident of a wizard's laboratory
                  | {freeze, Str+2}
 19400 | IceCv    | Identified the Catalogue of Snow
 19559 | Lair:4   | Found a runed translucent door.
 20410 | Lair:4   | Identified the +3 chain mail of Soasudor {Harm Will++
                  | Regen+ Str-4}
 20470 | Lair:5   | Noticed Kirke
 20499 | Lair:4   | HP: 4/127 [hog[Kirke] (8)]
 20499 | Lair:4   | Slain by a hog

Illustrated notes

Levels and vault maps discovered:
D:1:      ebering_trefoil_3fold, layout_rooms, serial_shops,
          nicolae_shop_statue_plus, shop_statue,
          hellmonk_ecumenical_altar_lost_god, minivault_5, serial_bayou_pond_e,
          minivault_27
D:2:      layout_basic
D:3:      layout_basic, lemuel_doored_altar
D:4:      layout_gridville
D:5:      layout_loops_corners, nicolae_sif_muna_condensation, xom_redecorated,
          dancing_weapons_uskayaw, chequers_serial_rivers_room_a
D:6:      layout_cave_pods, nicolae_overflow_crystal_walls, lemuel_round_altar
D:7:      layout_basic, general_overflow_altar, minmay_temple_entry_grid,
          kennysheep_generic_room_9
D:8:      layout_loops_corners, gammafunk_temple_overflow_elements,
          ebering_ghost_funeral_grove
D:9:      layout_stronghold, nemelex_xobeh_ov_fountains_minmay, trog_book,
          hiddenorc2_lemuel
D:10:     layout_rooms, nicolae_ru_great_annihilating_truth,
          nicolae_vehumet_altar_sigil, minivault_22
D:11:     layout_loops_ring, dpeg_lair_monsters, special_room
          [special_room_bee], chequers_serial_rivers_small_a
D:12:     layout_stronghold, serial_shops, bzr_entry_lakeside
D:13:     layout_big_octagon, erik_vaults_2, uniq_maurice, uniq_jorgrun,
          uniq_urug
D:14:     layout_cave_pools, minmay_misc_feat_doors, serial_shops,
          bzr_entry_road, corexii_checkpoint_a
Lair:1:   layout_cave_pods
Lair:2:   layout_gridlike, minmay_shoals_entry_centaurs,
          minmay_snake_entry_guardpost_medium, gauntlet_entry_generic,
          basic_altar, chequers_serial_rivers_micro_a, dpeg_stationary_puzzle,
          minmay_lair_oklob_chamber
Lair:3:   dragon1_lemuel, layout_gridlike, infiniplex_staircase_pool_2,
          uniq_gastronok
Lair:4:   layout_regular_city, portal_ice_cave_entry_pillars_1, pf_torpor_hydra,
          serial_bayou_shore_a, grunt_megastairs_4, uniq_josephine
Lair:5:   layout_hall_layers, hangedman_lair_unloving_vines, grunt_megastairs_2,
          uniq_kirke

Skill      XL: |  1  2  3  4  5  6  7  8  9 10 11 12 13 |
---------------+----------------------------------------+-----
Shields        | 4 5 6 7 8 9 10 11 13 | 13.7
Fighting       | 4 5 7 9 10 11 12 | 12.4
Armour         | 4 5 6 8 10 11 12 13 | 13.4
Axes           | 3 4 5 6 7 9 11 12 | 12.0
Dodging        | 1 2 3 4 |  4.2
Stealth        | 1 2 |  2.4
Maces & Flails | 4 9 11 14 | 14.8
Evocations     | 1 2 |  2.0

Action                   |  1- 3 |  4- 6 |  7- 9 | 10-12 | 13-15 || total
-------------------------+-------+-------+-------+-------+-------++-------
Melee: War axe           |    62 |    70 |   236 |   104 |       ||   472
       Headbutt          |    10 |     8 |    51 |    78 |   118 ||   265
       Morningstar       |       |       |       |   314 |   434 ||   748
       Unarmed           |       |       |       |       |     5 ||     5
Evoke: Wand              |       |     1 |     2 |    12 |       ||    15
  Use: Scroll            |       |       |    14 |     3 |     8 ||    25
       Potion            |       |       |       |       |     2 ||     2
 Stab: Paralysed         |       |       |       |     1 |       ||     1
Armor: Scale mail        |    21 |    17 |    78 |       |       ||   116
       Plate armour      |       |       |    10 |   254 |   178 ||   442
Dodge: Dodged            |    17 |    21 |    75 |   156 |   162 ||   431
Block: Kite shield       |    29 |    31 |   148 |   345 |   327 ||   880

Table legend: (Time is in decaauts)
 A = Elapsed time spent in this place.
 B = Non-inter-level travel time spent in this place.
 C = Inter-level travel time spent in this place.
 D = Time resting spent in this place.
 E = Time spent auto-exploring this place.
 F = Levels seen in this place.
 G = Mean time per level.
                   A        B        C        D        E       F      G
               +--------+--------+--------+--------+--------+-----+--------+
         Total |  20588 |  19969 |    619 |   1447 |  15440 |  22 |  935.8 |
       Dungeon |  15193 |  14694 |    499 |   1408 |  11350 |  14 | 1085.2 |
          Lair |   3912 |   3792 |    120 |      8 |   3271 |   5 |  782.4 |
        Bazaar |    264 |    264 |      0 |      0 |    178 |   1 |  264.0 |
      Ice Cave |    719 |    719 |      0 |     31 |    398 |   1 |  719.0 |
      Gauntlet |    498 |    498 |      0 |      0 |    243 |   1 |  498.0 |
               +--------+--------+--------+--------+--------+-----+--------+

Top non-repeatable levels by time:
     D:5: 1829 daAuts
     D:9: 1779 daAuts
    D:12: 1599 daAuts
     D:6: 1556 daAuts
    D:11: 1489 daAuts
     D:8: 1328 daAuts
  Lair:4: 1022 daAuts
     D:7: 1017 daAuts
  Lair:2: 1011 daAuts
     D:1: 1007 daAuts
  Lair:1: 924 daAuts
  Lair:3: 915 daAuts
     D:2: 838 daAuts
     D:4: 786 daAuts
     D:3: 755 daAuts
